Workbook

Sheet Menu
C2: INVOICE TRACKER
C3: MAIN MENU
C14: Currency Setting | F14: USD

Sheet January
B2: INVOICE TRACKER
B3: JANUARY
E5: =Calc!$B$20 -> TOTALS (USD) | F5: =SUM(F8:F22) -> 8255 | G5: =SUM(G8:G22) -> 725.5 | H5: =SUM(H8:H22) -> 125 | J5: =SUM(J8:J22) -> 4350 | K5: =SUM(K8:K22) -> 3905
B7: Invoice No | C7: Customer ID | D7: Customer Name | E7: Invoice Date | F7: Invoice Total | G7: Sales Tax | H7: Discount | I7: Due Date | J7: Total Paid | K7: Outstanding Balance | L7: Invoice Status
B8: IR00402 | C8: 3005 | D8: Property Team J B Kelly | E8: 44208 | F8: 1250 | G8: 25 | H8: 0 | I8: 44238 | J8: 1250 | K8: =IFERROR(IF(F8>0,F8-J8,""),"") -> 0 | L8: =IFERROR(IF(F8>0,IF(J8>=F8,Calc!$G$5,IF(January!J8<=0,Calc!$G$7,IF(AND(J8>0,J8<F8),Calc!$G$6))),""),"") -> Paid
B9: IR00391 | C9: 3006 | D9: Keenan Property Management | E9: 44209 | F9: 655 | G9: 65.5 | H9: 0 | I9: 44239 | J9: 650 | K9: =IFERROR(IF(F9>0,F9-J9,""),"") -> 5 | L9: =IFERROR(IF(F9>0,IF(J9>=F9,Calc!$G$5,IF(January!J9<=0,Calc!$G$7,IF(AND(J9>0,J9<F9),Calc!$G$6))),""),"") -> Partly Paid
B10: IR00666 | C10: 3008 | D10: J+S Property Management Ltd | E10: 44210 | F10: 350 | G10: 35 | H10: 0 | I10: 44240 | J10: 250 | K10: =IFERROR(IF(F10>0,F10-J10,""),"") -> 100 | L10: =IFERROR(IF(F10>0,IF(J10>=F10,Calc!$G$5,IF(January!J10<=0,Calc!$G$7,IF(AND(J10>0,J10<F10),Calc!$G$6))),""),"") -> Partly Paid
B11: IR00118 | C11: 3009 | D11: D.P.M Estates | E11: 44212 | F11: 500 | G11: 50 | H11: 0 | I11: 44242 | J11: 500 | K11: =IFERROR(IF(F11>0,F11-J11,""),"") -> 0 | L11: =IFERROR(IF(F11>0,IF(J11>=F11,Calc!$G$5,IF(January!J11<=0,Calc!$G$7,IF(AND(J11>0,J11<F11),Calc!$G$6))),""),"") -> Paid
B12: IR00270 | C12: 3011 | D12: Viva Dublin | E12: 44213 | F12: 1200 | G12: 120 | H12: 75 | I12: 44243 | J12: 500 | K12: =IFERROR(IF(F12>0,F12-J12,""),"") -> 700 | L12: =IFERROR(IF(F12>0,IF(J12>=F12,Calc!$G$5,IF(January!J12<=0,Calc!$G$7,IF(AND(J12>0,J12<F12),Calc!$G$6))),""),"") -> Partly Paid
B13: IR00390 | C13: 3012 | D13: Dublin Property Management | E13: 44214 | F13: 1000 | G13: 100 | H13: 0 | I13: 44244 | J13: 750 | K13: =IFERROR(IF(F13>0,F13-J13,""),"") -> 250 | L13: =IFERROR(IF(F13>0,IF(J13>=F13,Calc!$G$5,IF(January!J13<=0,Calc!$G$7,IF(AND(J13>0,J13<F13),Calc!$G$6))),""),"") -> Partly Paid
B14: IR00415 | C14: 3013 | D14: Alliance Auctioneers | E14: 44215 | F14: 750 | G14: 75 | H14: 0 | I14: 44245 | J14: 0 | K14: =IFERROR(IF(F14>0,F14-J14,""),"") -> 750 | L14: =IFERROR(IF(F14>0,IF(J14>=F14,Calc!$G$5,IF(January!J14<=0,Calc!$G$7,IF(AND(J14>0,J14<F14),Calc!$G$6))),""),"") -> Unpaid
B15: IR00263 | C15: 3016 | D15: Branagan Estates | E15: 44217 | F15: 800 | G15: 80 | H15: 25 | I15: 44247 | J15: 0 | K15: =IFERROR(IF(F15>0,F15-J15,""),"") -> 800 | L15: =IFERROR(IF(F15>0,IF(J15>=F15,Calc!$G$5,IF(January!J15<=0,Calc!$G$7,IF(AND(J15>0,J15<F15),Calc!$G$6))),""),"") -> Unpaid
B16: IR00665 | C16: 3018 | D16: Delaney Estates | E16: 44217 | F16: 850 | G16: 85 | H16: 15 | I16: 44247 | J16: 0 | K16: =IFERROR(IF(F16>0,F16-J16,""),"") -> 850 | L16: =IFERROR(IF(F16>0,IF(J16>=F16,Calc!$G$5,IF(January!J16<=0,Calc!$G$7,IF(AND(J16>0,J16<F16),Calc!$G$6))),""),"") -> Unpaid
B17: IR00582 | C17: 3020 | D17: Hickey Auctioneers & Valuers | E17: 44217 | F17: 900 | G17: 90 | H17: 10 | I17: 44247 | J17: 450 | K17: =IFERROR(IF(F17>0,F17-J17,""),"") -> 450 | L17: =IFERROR(IF(F17>0,IF(J17>=F17,Calc!$G$5,IF(January!J17<=0,Calc!$G$7,IF(AND(J17>0,J17<F17),Calc!$G$6))),""),"") -> Partly Paid
K18: =IFERROR(IF(F18>0,F18-J18,""),"") | L18: =IFERROR(IF(F18>0,IF(J18>=F18,Calc!$G$5,IF(January!J18<=0,Calc!$G$7,IF(AND(J18>0,J18<F18),Calc!$G$6))),""),"")
K19: =IFERROR(IF(F19>0,F19-J19,""),"") | L19: =IFERROR(IF(F19>0,IF(J19>=F19,Calc!$G$5,IF(January!J19<=0,Calc!$G$7,IF(AND(J19>0,J19<F19),Calc!$G$6))),""),"")
K20: =IFERROR(IF(F20>0,F20-J20,""),"") | L20: =IFERROR(IF(F20>0,IF(J20>=F20,Calc!$G$5,IF(January!J20<=0,Calc!$G$7,IF(AND(J20>0,J20<F20),Calc!$G$6))),""),"")
K21: =IFERROR(IF(F21>0,F21-J21,""),"") | L21: =IFERROR(IF(F21>0,IF(J21>=F21,Calc!$G$5,IF(January!J21<=0,Calc!$G$7,IF(AND(J21>0,J21<F21),Calc!$G$6))),""),"")
K22: =IFERROR(IF(F22>0,F22-J22,""),"") | L22: =IFERROR(IF(F22>0,IF(J22>=F22,Calc!$G$5,IF(January!J22<=0,Calc!$G$7,IF(AND(J22>0,J22<F22),Calc!$G$6))),""),"")

Sheet February
B2: INVOICE TRACKER
B3: FEBRUARY
E5: =Calc!$B$20 -> TOTALS (USD) | F5: =SUM(F8:F22) -> 8255 | G5: =SUM(G8:G22) -> 725.5 | H5: =SUM(H8:H22) -> 125 | J5: =SUM(J8:J22) -> 3450 | K5: =SUM(K8:K22) -> 4805
B7: Invoice No | C7: Customer ID | D7: Customer Name | E7: Invoice Date | F7: Invoice Total | G7: Sales Tax | H7: Discount | I7: Due Date | J7: Total Paid | K7: Outstanding Balance | L7: Invoice Status
B8: IR00256 | C8: 3035 | D8: The Property Company | E8: 44239 | F8: 250 | G8: 25 | H8: 0 | I8: 44268 | J8: 250 | K8: =IFERROR(IF(F8>0,F8-J8,""),"") -> 0 | L8: =IFERROR(IF(F8>0,IF(J8>=F8,Calc!$G$5,IF(February!J8<=0,Calc!$G$7,IF(AND(J8>0,J8<F8),Calc!$G$6))),""),"") -> Paid
B9: IR00398 | C9: 3036 | D9: Flynns Estate Agents | E9: 44240 | F9: 655 | G9: 65.5 | H9: 0 | I9: 44269 | J9: 650 | K9: =IFERROR(IF(F9>0,F9-J9,""),"") -> 5 | L9: =IFERROR(IF(F9>0,IF(J9>=F9,Calc!$G$5,IF(February!J9<=0,Calc!$G$7,IF(AND(J9>0,J9<F9),Calc!$G$6))),""),"") -> Partly Paid
B10: IR00849 | C10: 3039 | D10: Madden Property Consultants | E10: 44241 | F10: 350 | G10: 35 | H10: 0 | I10: 44270 | J10: 350 | K10: =IFERROR(IF(F10>0,F10-J10,""),"") -> 0 | L10: =IFERROR(IF(F10>0,IF(J10>=F10,Calc!$G$5,IF(February!J10<=0,Calc!$G$7,IF(AND(J10>0,J10<F10),Calc!$G$6))),""),"") -> Paid
B11: IR00475 | C11: 3040 | D11: Kelly & Company Estate Agents | E11: 44243 | F11: 500 | G11: 50 | H11: 0 | I11: 44272 | J11: 500 | K11: =IFERROR(IF(F11>0,F11-J11,""),"") -> 0 | L11: =IFERROR(IF(F11>0,IF(J11>=F11,Calc!$G$5,IF(February!J11<=0,Calc!$G$7,IF(AND(J11>0,J11<F11),Calc!$G$6))),""),"") -> Paid
B12: IR00995 | C12: 3041 | D12: The Property Shop | E12: 44244 | F12: 1200 | G12: 120 | H12: 75 | I12: 44273 | J12: 500 | K12: =IFERROR(IF(F12>0,F12-J12,""),"") -> 700 | L12: =IFERROR(IF(F12>0,IF(J12>=F12,Calc!$G$5,IF(February!J12<=0,Calc!$G$7,IF(AND(J12>0,J12<F12),Calc!$G$6))),""),"") -> Partly Paid
B13: IR00999 | C13: 3044 | D13: Newcombe Estates | E13: 44245 | F13: 1000 | G13: 100 | H13: 0 | I13: 44274 | J13: 750 | K13: =IFERROR(IF(F13>0,F13-J13,""),"") -> 250 | L13: =IFERROR(IF(F13>0,IF(J13>=F13,Calc!$G$5,IF(February!J13<=0,Calc!$G$7,IF(AND(J13>0,J13<F13),Calc!$G$6))),""),"") -> Partly Paid
B14: IR00313 | C14: 3047 | D14: Mc Peake Auctioneers | E14: 44246 | F14: 750 | G14: 75 | H14: 0 | I14: 44275 | J14: 0 | K14: =IFERROR(IF(F14>0,F14-J14,""),"") -> 750 | L14: =IFERROR(IF(F14>0,IF(J14>=F14,Calc!$G$5,IF(February!J14<=0,Calc!$G$7,IF(AND(J14>0,J14<F14),Calc!$G$6))),""),"") -> Unpaid
B15: IR00454 | C15: 3049 | D15: DfM | E15: 44248 | F15: 800 | G15: 80 | H15: 25 | I15: 44277 | J15: 0 | K15: =IFERROR(IF(F15>0,F15-J15,""),"") -> 800 | L15: =IFERROR(IF(F15>0,IF(J15>=F15,Calc!$G$5,IF(February!J15<=0,Calc!$G$7,IF(AND(J15>0,J15<F15),Calc!$G$6))),""),"") -> Unpaid
B16: IR00480 | C16: 3052 | D16: BPM Estates | E16: 44248 | F16: 850 | G16: 85 | H16: 15 | I16: 44277 | J16: 0 | K16: =IFERROR(IF(F16>0,F16-J16,""),"") -> 850 | L16: =IFERROR(IF(F16>0,IF(J16>=F16,Calc!$G$5,IF(February!J16<=0,Calc!$G$7,IF(AND(J16>0,J16<F16),Calc!$G$6))),""),"") -> Unpaid
B17: IR00358 | C17: 3053 | D17: Move Home Estate Agents | E17: 44248 | F17: 900 | G17: 90 | H17: 10 | I17: 44277 | J17: 450 | K17: =IFERROR(IF(F17>0,F17-J17,""),"") -> 450 | L17: =IFERROR(IF(F17>0,IF(J17>=F17,Calc!$G$5,IF(February!J17<=0,Calc!$G$7,IF(AND(J17>0,J17<F17),Calc!$G$6))),""),"") -> Partly Paid
F18: 1000 | K18: =IFERROR(IF(F18>0,F18-J18,""),"") -> 1000 | L18: =IFERROR(IF(F18>0,IF(J18>=F18,Calc!$G$5,IF(February!J18<=0,Calc!$G$7,IF(AND(J18>0,J18<F18),Calc!$G$6))),""),"") -> Unpaid
K19: =IFERROR(IF(F19>0,F19-J19,""),"") | L19: =IFERROR(IF(F19>0,IF(J19>=F19,Calc!$G$5,IF(February!J19<=0,Calc!$G$7,IF(AND(J19>0,J19<F19),Calc!$G$6))),""),"")
K20: =IFERROR(IF(F20>0,F20-J20,""),"") | L20: =IFERROR(IF(F20>0,IF(J20>=F20,Calc!$G$5,IF(February!J20<=0,Calc!$G$7,IF(AND(J20>0,J20<F20),Calc!$G$6))),""),"")
K21: =IFERROR(IF(F21>0,F21-J21,""),"") | L21: =IFERROR(IF(F21>0,IF(J21>=F21,Calc!$G$5,IF(February!J21<=0,Calc!$G$7,IF(AND(J21>0,J21<F21),Calc!$G$6))),""),"")
K22: =IFERROR(IF(F22>0,F22-J22,""),"") | L22: =IFERROR(IF(F22>0,IF(J22>=F22,Calc!$G$5,IF(February!J22<=0,Calc!$G$7,IF(AND(J22>0,J22<F22),Calc!$G$6))),""),"")

Sheet March
B2: INVOICE TRACKER
B3: MARCH
E5: =Calc!$B$20 -> TOTALS (USD) | F5: =SUM(F8:F22) -> 7455 | G5: =SUM(G8:G22) -> 745.5 | H5: =SUM(H8:H22) -> 125 | J5: =SUM(J8:J22) -> 3650 | K5: =SUM(K8:K22) -> 3805
B7: Invoice No | C7: Customer ID | D7: Customer Name | E7: Invoice Date | F7: Invoice Total | G7: Sales Tax | H7: Discount | I7: Due Date | J7: Total Paid | K7: Outstanding Balance | L7: Invoice Status
B8: IR00435 | C8: 3005 | D8: Property Team J B Kelly | E8: 44271 | F8: 250 | G8: 25 | H8: 0 | I8: 44301 | J8: 250 | K8: =IFERROR(IF(F8>0,F8-J8,""),"") -> 0 | L8: =IFERROR(IF(F8>0,IF(J8>=F8,Calc!$G$5,IF(March!J8<=0,Calc!$G$7,IF(AND(J8>0,J8<F8),Calc!$G$6))),""),"") -> Paid
B9: IR00263 | C9: 3007 | D9: Keenan Property Management | E9: 44272 | F9: 655 | G9: 65.5 | H9: 0 | I9: 44302 | J9: 650 | K9: =IFERROR(IF(F9>0,F9-J9,""),"") -> 5 | L9: =IFERROR(IF(F9>0,IF(J9>=F9,Calc!$G$5,IF(March!J9<=0,Calc!$G$7,IF(AND(J9>0,J9<F9),Calc!$G$6))),""),"") -> Partly Paid
B10: IR00705 | C10: 3009 | D10: J+S Property Management Ltd | E10: 44273 | F10: 350 | G10: 35 | H10: 0 | I10: 44303 | J10: 350 | K10: =IFERROR(IF(F10>0,F10-J10,""),"") -> 0 | L10: =IFERROR(IF(F10>0,IF(J10>=F10,Calc!$G$5,IF(March!J10<=0,Calc!$G$7,IF(AND(J10>0,J10<F10),Calc!$G$6))),""),"") -> Paid
B11: IR00271 | C11: 3010 | D11: D.P.M Estates | E11: 44275 | F11: 500 | G11: 50 | H11: 0 | I11: 44305 | J11: 500 | K11: =IFERROR(IF(F11>0,F11-J11,""),"") -> 0 | L11: =IFERROR(IF(F11>0,IF(J11>=F11,Calc!$G$5,IF(March!J11<=0,Calc!$G$7,IF(AND(J11>0,J11<F11),Calc!$G$6))),""),"") -> Paid
B12: IR00994 | C12: 3012 | D12: Viva Dublin | E12: 44276 | F12: 1200 | G12: 120 | H12: 75 | I12: 44306 | J12: 500 | K12: =IFERROR(IF(F12>0,F12-J12,""),"") -> 700 | L12: =IFERROR(IF(F12>0,IF(J12>=F12,Calc!$G$5,IF(March!J12<=0,Calc!$G$7,IF(AND(J12>0,J12<F12),Calc!$G$6))),""),"") -> Partly Paid
B13: IR00201 | C13: 3015 | D13: Dublin Property Management | E13: 44277 | F13: 1000 | G13: 100 | H13: 0 | I13: 44307 | J13: 750 | K13: =IFERROR(IF(F13>0,F13-J13,""),"") -> 250 | L13: =IFERROR(IF(F13>0,IF(J13>=F13,Calc!$G$5,IF(March!J13<=0,Calc!$G$7,IF(AND(J13>0,J13<F13),Calc!$G$6))),""),"") -> Partly Paid
B14: IR00574 | C14: 3017 | D14: Alliance Auctioneers | E14: 44278 | F14: 750 | G14: 75 | H14: 0 | I14: 44308 | J14: 0 | K14: =IFERROR(IF(F14>0,F14-J14,""),"") -> 750 | L14: =IFERROR(IF(F14>0,IF(J14>=F14,Calc!$G$5,IF(March!J14<=0,Calc!$G$7,IF(AND(J14>0,J14<F14),Calc!$G$6))),""),"") -> Unpaid
B15: IR00425 | C15: 3019 | D15: Branagan Estates | E15: 44280 | F15: 800 | G15: 80 | H15: 25 | I15: 44310 | J15: 0 | K15: =IFERROR(IF(F15>0,F15-J15,""),"") -> 800 | L15: =IFERROR(IF(F15>0,IF(J15>=F15,Calc!$G$5,IF(March!J15<=0,Calc!$G$7,IF(AND(J15>0,J15<F15),Calc!$G$6))),""),"") -> Unpaid
B16: IR00492 | C16: 3021 | D16: Delaney Estates | E16: 44280 | F16: 850 | G16: 85 | H16: 15 | I16: 44310 | J16: 0 | K16: =IFERROR(IF(F16>0,F16-J16,""),"") -> 850 | L16: =IFERROR(IF(F16>0,IF(J16>=F16,Calc!$G$5,IF(March!J16<=0,Calc!$G$7,IF(AND(J16>0,J16<F16),Calc!$G$6))),""),"") -> Unpaid
B17: IR00432 | C17: 3023 | D17: Hickey Auctioneers & Valuers | E17: 44280 | F17: 900 | G17: 90 | H17: 10 | I17: 44310 | J17: 450 | K17: =IFERROR(IF(F17>0,F17-J17,""),"") -> 450 | L17: =IFERROR(IF(F17>0,IF(J17>=F17,Calc!$G$5,IF(March!J17<=0,Calc!$G$7,IF(AND(J17>0,J17<F17),Calc!$G$6))),""),"") -> Partly Paid
B18: IR00876 | C18: 3025 | D18: Savills | E18: 44282 | F18: 145 | G18: 14.5 | H18: 0 | I18: 44312 | J18: 145 | K18: =IFERROR(IF(F18>0,F18-J18,""),"") -> 0 | L18: =IFERROR(IF(F18>0,IF(J18>=F18,Calc!$G$5,IF(March!J18<=0,Calc!$G$7,IF(AND(J18>0,J18<F18),Calc!$G$6))),""),"") -> Paid
B19: IR00455 | C19: 3026 | D19: iMOVE | E19: 44282 | F19: 55 | G19: 5.5 | H19: 0 | I19: 44312 | J19: 55 | K19: =IFERROR(IF(F19>0,F19-J19,""),"") -> 0 | L19: =IFERROR(IF(F19>0,IF(J19>=F19,Calc!$G$5,IF(March!J19<=0,Calc!$G$7,IF(AND(J19>0,J19<F19),Calc!$G$6))),""),"") -> Paid
K20: =IFERROR(IF(F20>0,F20-J20,""),"") | L20: =IFERROR(IF(F20>0,IF(J20>=F20,Calc!$G$5,IF(March!J20<=0,Calc!$G$7,IF(AND(J20>0,J20<F20),Calc!$G$6))),""),"")
K21: =IFERROR(IF(F21>0,F21-J21,""),"") | L21: =IFERROR(IF(F21>0,IF(J21>=F21,Calc!$G$5,IF(March!J21<=0,Calc!$G$7,IF(AND(J21>0,J21<F21),Calc!$G$6))),""),"")
K22: =IFERROR(IF(F22>0,F22-J22,""),"") | L22: =IFERROR(IF(F22>0,IF(J22>=F22,Calc!$G$5,IF(March!J22<=0,Calc!$G$7,IF(AND(J22>0,J22<F22),Calc!$G$6))),""),"")

Sheet April
B2: INVOICE TRACKER
B3: APRIL
E5: =Calc!$B$20 -> TOTALS (USD) | F5: =SUM(F8:F22) -> 11400 | G5: =SUM(G8:G22) -> 740 | H5: =SUM(H8:H22) -> 125 | J5: =SUM(J8:J22) -> 3595 | K5: =SUM(K8:K22) -> 7805
B7: Invoice No | C7: Customer ID | D7: Customer Name | E7: Invoice Date | F7: Invoice Total | G7: Sales Tax | H7: Discount | I7: Due Date | J7: Total Paid | K7: Outstanding Balance | L7: Invoice Status
B8: IR00673 | C8: 3008 | D8: Keenan Property Management | E8: 42472 | F8: 250 | G8: 25 | H8: 0 | I8: 42502 | J8: 250 | K8: =IFERROR(IF(F8>0,F8-J8,""),"") -> 0 | L8: =IFERROR(IF(F8>0,IF(J8>=F8,Calc!$G$5,IF(April!J8<=0,Calc!$G$7,IF(AND(J8>0,J8<F8),Calc!$G$6))),""),"") -> Paid
B9: IR00836 | C9: 3010 | D9: J+S Property Management Ltd | E9: 42473 | F9: 655 | G9: 65.5 | H9: 0 | I9: 42503 | J9: 650 | K9: =IFERROR(IF(F9>0,F9-J9,""),"") -> 5 | L9: =IFERROR(IF(F9>0,IF(J9>=F9,Calc!$G$5,IF(April!J9<=0,Calc!$G$7,IF(AND(J9>0,J9<F9),Calc!$G$6))),""),"") -> Partly Paid
B10: IR00401 | C10: 3011 | D10: D.P.M Estates | E10: 42474 | F10: 350 | G10: 35 | H10: 0 | I10: 42504 | J10: 350 | K10: =IFERROR(IF(F10>0,F10-J10,""),"") -> 0 | L10: =IFERROR(IF(F10>0,IF(J10>=F10,Calc!$G$5,IF(April!J10<=0,Calc!$G$7,IF(AND(J10>0,J10<F10),Calc!$G$6))),""),"") -> Paid
B11: IR00217 | C11: 3012 | D11: Viva Dublin | E11: 44302 | F11: 500 | G11: 50 | H11: 0 | I11: 44336 | J11: 500 | K11: =IFERROR(IF(F11>0,F11-J11,""),"") -> 0 | L11: =IFERROR(IF(F11>0,IF(J11>=F11,Calc!$G$5,IF(April!J11<=0,Calc!$G$7,IF(AND(J11>0,J11<F11),Calc!$G$6))),""),"") -> Paid
B12: IR00996 | C12: 3013 | D12: Dublin Property Management | E12: 44303 | F12: 1200 | G12: 120 | H12: 75 | I12: 44337 | J12: 500 | K12: =IFERROR(IF(F12>0,F12-J12,""),"") -> 700 | L12: =IFERROR(IF(F12>0,IF(J12>=F12,Calc!$G$5,IF(April!J12<=0,Calc!$G$7,IF(AND(J12>0,J12<F12),Calc!$G$6))),""),"") -> Partly Paid
B13: IR00478 | C13: 3014 | D13: Alliance Auctioneers | E13: 44304 | F13: 1000 | G13: 100 | H13: 0 | I13: 44338 | J13: 750 | K13: =IFERROR(IF(F13>0,F13-J13,""),"") -> 250 | L13: =IFERROR(IF(F13>0,IF(J13>=F13,Calc!$G$5,IF(April!J13<=0,Calc!$G$7,IF(AND(J13>0,J13<F13),Calc!$G$6))),""),"") -> Partly Paid
B14: IR00126 | C14: 3017 | D14: Branagan Estates | E14: 44306 | F14: 750 | G14: 75 | H14: 0 | I14: 44339 | J14: 0 | K14: =IFERROR(IF(F14>0,F14-J14,""),"") -> 750 | L14: =IFERROR(IF(F14>0,IF(J14>=F14,Calc!$G$5,IF(April!J14<=0,Calc!$G$7,IF(AND(J14>0,J14<F14),Calc!$G$6))),""),"") -> Unpaid
B15: IR00511 | C15: 3018 | D15: Delaney Estates | E15: 44307 | F15: 2800 | G15: 80 | H15: 25 | I15: 44341 | J15: 0 | K15: =IFERROR(IF(F15>0,F15-J15,""),"") -> 2800 | L15: =IFERROR(IF(F15>0,IF(J15>=F15,Calc!$G$5,IF(April!J15<=0,Calc!$G$7,IF(AND(J15>0,J15<F15),Calc!$G$6))),""),"") -> Unpaid
B16: IR00143 | C16: 3020 | D16: Hickey Auctioneers & Valuers | E16: 44308 | F16: 2850 | G16: 85 | H16: 15 | I16: 44341 | J16: 0 | K16: =IFERROR(IF(F16>0,F16-J16,""),"") -> 2850 | L16: =IFERROR(IF(F16>0,IF(J16>=F16,Calc!$G$5,IF(April!J16<=0,Calc!$G$7,IF(AND(J16>0,J16<F16),Calc!$G$6))),""),"") -> Unpaid
B17: IR00727 | C17: 3021 | D17: Savills | E17: 44309 | F17: 900 | G17: 90 | H17: 10 | I17: 44341 | J17: 450 | K17: =IFERROR(IF(F17>0,F17-J17,""),"") -> 450 | L17: =IFERROR(IF(F17>0,IF(J17>=F17,Calc!$G$5,IF(April!J17<=0,Calc!$G$7,IF(AND(J17>0,J17<F17),Calc!$G$6))),""),"") -> Partly Paid
B18: IR00732 | C18: 3022 | D18: iMOVE | E18: 44311 | F18: 145 | G18: 14.5 | H18: 0 | I18: 44343 | J18: 145 | K18: =IFERROR(IF(F18>0,F18-J18,""),"") -> 0 | L18: =IFERROR(IF(F18>0,IF(J18>=F18,Calc!$G$5,IF(April!J18<=0,Calc!$G$7,IF(AND(J18>0,J18<F18),Calc!$G$6))),""),"") -> Paid
K19: =IFERROR(IF(F19>0,F19-J19,""),"") | L19: =IFERROR(IF(F19>0,IF(J19>=F19,Calc!$G$5,IF(April!J19<=0,Calc!$G$7,IF(AND(J19>0,J19<F19),Calc!$G$6))),""),"")
K20: =IFERROR(IF(F20>0,F20-J20,""),"") | L20: =IFERROR(IF(F20>0,IF(J20>=F20,Calc!$G$5,IF(April!J20<=0,Calc!$G$7,IF(AND(J20>0,J20<F20),Calc!$G$6))),""),"")
K21: =IFERROR(IF(F21>0,F21-J21,""),"") | L21: =IFERROR(IF(F21>0,IF(J21>=F21,Calc!$G$5,IF(April!J21<=0,Calc!$G$7,IF(AND(J21>0,J21<F21),Calc!$G$6))),""),"")
K22: =IFERROR(IF(F22>0,F22-J22,""),"") | L22: =IFERROR(IF(F22>0,IF(J22>=F22,Calc!$G$5,IF(April!J22<=0,Calc!$G$7,IF(AND(J22>0,J22<F22),Calc!$G$6))),""),"")

Sheet May
B2: INVOICE TRACKER
B3: MAY
E5: =Calc!$B$20 -> TOTALS (USD) | F5: =SUM(F8:F22) -> 7735 | G5: =SUM(G8:G22) -> 773.5 | H5: =SUM(H8:H22) -> 125 | J5: =SUM(J8:J22) -> 3930 | K5: =SUM(K8:K22) -> 3805
B7: Invoice No | C7: Customer ID | D7: Customer Name | E7: Invoice Date | F7: Invoice Total | G7: Sales Tax | H7: Discount | I7: Due Date | J7: Total Paid | K7: Outstanding Balance | L7: Invoice Status
B8: IR00127 | C8: 3009 | D8: J+S Property Management Ltd | E8: 44332 | F8: 250 | G8: 25 | H8: 0 | I8: 44362 | J8: 250 | K8: =IFERROR(IF(F8>0,F8-J8,""),"") -> 0 | L8: =IFERROR(IF(F8>0,IF(J8>=F8,Calc!$G$5,IF(May!J8<=0,Calc!$G$7,IF(AND(J8>0,J8<F8),Calc!$G$6))),""),"") -> Paid
B9: IR00272 | C9: 3010 | D9: D.P.M Estates | E9: 44333 | F9: 655 | G9: 65.5 | H9: 0 | I9: 44363 | J9: 650 | K9: =IFERROR(IF(F9>0,F9-J9,""),"") -> 5 | L9: =IFERROR(IF(F9>0,IF(J9>=F9,Calc!$G$5,IF(May!J9<=0,Calc!$G$7,IF(AND(J9>0,J9<F9),Calc!$G$6))),""),"") -> Partly Paid
B10: IR00855 | C10: 3012 | D10: Viva Dublin | E10: 44334 | F10: 350 | G10: 35 | H10: 0 | I10: 44364 | J10: 350 | K10: =IFERROR(IF(F10>0,F10-J10,""),"") -> 0 | L10: =IFERROR(IF(F10>0,IF(J10>=F10,Calc!$G$5,IF(May!J10<=0,Calc!$G$7,IF(AND(J10>0,J10<F10),Calc!$G$6))),""),"") -> Paid
B11: IR00325 | C11: 3015 | D11: Dublin Property Management | E11: 44336 | F11: 500 | G11: 50 | H11: 0 | I11: 44366 | J11: 500 | K11: =IFERROR(IF(F11>0,F11-J11,""),"") -> 0 | L11: =IFERROR(IF(F11>0,IF(J11>=F11,Calc!$G$5,IF(May!J11<=0,Calc!$G$7,IF(AND(J11>0,J11<F11),Calc!$G$6))),""),"") -> Paid
B12: IR00709 | C12: 3017 | D12: Alliance Auctioneers | E12: 44337 | F12: 1200 | G12: 120 | H12: 75 | I12: 44367 | J12: 500 | K12: =IFERROR(IF(F12>0,F12-J12,""),"") -> 700 | L12: =IFERROR(IF(F12>0,IF(J12>=F12,Calc!$G$5,IF(May!J12<=0,Calc!$G$7,IF(AND(J12>0,J12<F12),Calc!$G$6))),""),"") -> Partly Paid
B13: IR00188 | C13: 3019 | D13: Branagan Estates | E13: 44338 | F13: 1000 | G13: 100 | H13: 0 | I13: 44368 | J13: 750 | K13: =IFERROR(IF(F13>0,F13-J13,""),"") -> 250 | L13: =IFERROR(IF(F13>0,IF(J13>=F13,Calc!$G$5,IF(May!J13<=0,Calc!$G$7,IF(AND(J13>0,J13<F13),Calc!$G$6))),""),"") -> Partly Paid
B14: IR00740 | C14: 3021 | D14: Delaney Estates | E14: 44339 | F14: 750 | G14: 75 | H14: 0 | I14: 44369 | J14: 0 | K14: =IFERROR(IF(F14>0,F14-J14,""),"") -> 750 | L14: =IFERROR(IF(F14>0,IF(J14>=F14,Calc!$G$5,IF(May!J14<=0,Calc!$G$7,IF(AND(J14>0,J14<F14),Calc!$G$6))),""),"") -> Unpaid
B15: IR00575 | C15: 3023 | D15: Hickey Auctioneers & Valuers | E15: 44341 | F15: 800 | G15: 80 | H15: 25 | I15: 44371 | J15: 0 | K15: =IFERROR(IF(F15>0,F15-J15,""),"") -> 800 | L15: =IFERROR(IF(F15>0,IF(J15>=F15,Calc!$G$5,IF(May!J15<=0,Calc!$G$7,IF(AND(J15>0,J15<F15),Calc!$G$6))),""),"") -> Unpaid
B16: IR00697 | C16: 3025 | D16: Savills | E16: 44341 | F16: 850 | G16: 85 | H16: 15 | I16: 44371 | J16: 0 | K16: =IFERROR(IF(F16>0,F16-J16,""),"") -> 850 | L16: =IFERROR(IF(F16>0,IF(J16>=F16,Calc!$G$5,IF(May!J16<=0,Calc!$G$7,IF(AND(J16>0,J16<F16),Calc!$G$6))),""),"") -> Unpaid
B17: IR00423 | C17: 3026 | D17: iMOVE | E17: 44341 | F17: 900 | G17: 90 | H17: 10 | I17: 44371 | J17: 450 | K17: =IFERROR(IF(F17>0,F17-J17,""),"") -> 450 | L17: =IFERROR(IF(F17>0,IF(J17>=F17,Calc!$G$5,IF(May!J17<=0,Calc!$G$7,IF(AND(J17>0,J17<F17),Calc!$G$6))),""),"") -> Partly Paid
B18: IR00456 | C18: 3029 | D18: Capel Abbey Property | E18: 44343 | F18: 145 | G18: 14.5 | H18: 0 | I18: 44373 | J18: 145 | K18: =IFERROR(IF(F18>0,F18-J18,""),"") -> 0 | L18: =IFERROR(IF(F18>0,IF(J18>=F18,Calc!$G$5,IF(May!J18<=0,Calc!$G$7,IF(AND(J18>0,J18<F18),Calc!$G$6))),""),"") -> Paid
B19: IR00172 | C19: 3032 | D19: Property Vision | E19: 44343 | F19: 55 | G19: 5.5 | H19: 0 | I19: 44373 | J19: 55 | K19: =IFERROR(IF(F19>0,F19-J19,""),"") -> 0 | L19: =IFERROR(IF(F19>0,IF(J19>=F19,Calc!$G$5,IF(May!J19<=0,Calc!$G$7,IF(AND(J19>0,J19<F19),Calc!$G$6))),""),"") -> Paid
B20: IR00710 | C20: 3033 | D20: Baxter Real Estate | E20: 44344 | F20: 280 | G20: 28 | H20: 0 | I20: 44374 | J20: 280 | K20: =IFERROR(IF(F20>0,F20-J20,""),"") -> 0 | L20: =IFERROR(IF(F20>0,IF(J20>=F20,Calc!$G$5,IF(May!J20<=0,Calc!$G$7,IF(AND(J20>0,J20<F20),Calc!$G$6))),""),"") -> Paid
K21: =IFERROR(IF(F21>0,F21-J21,""),"") | L21: =IFERROR(IF(F21>0,IF(J21>=F21,Calc!$G$5,IF(May!J21<=0,Calc!$G$7,IF(AND(J21>0,J21<F21),Calc!$G$6))),""),"")
K22: =IFERROR(IF(F22>0,F22-J22,""),"") | L22: =IFERROR(IF(F22>0,IF(J22>=F22,Calc!$G$5,IF(May!J22<=0,Calc!$G$7,IF(AND(J22>0,J22<F22),Calc!$G$6))),""),"")

Sheet June
B2: INVOICE TRACKER
B3: JUNE
E5: =Calc!$B$20 -> TOTALS (USD) | F5: =SUM(F8:F22) -> 7400 | G5: =SUM(G8:G22) -> 740 | H5: =SUM(H8:H22) -> 125 | J5: =SUM(J8:J22) -> 3595 | K5: =SUM(K8:K22) -> 3805
B7: Invoice No | C7: Customer ID | D7: Customer Name | E7: Invoice Date | F7: Invoice Total | G7: Sales Tax | H7: Discount | I7: Due Date | J7: Total Paid | K7: Outstanding Balance | L7: Invoice Status
B8: IR00502 | C8: 3015 | D8: Dublin Property Management | E8: 44363 | F8: 250 | G8: 25 | H8: 0 | I8: 44393 | J8: 250 | K8: =IFERROR(IF(F8>0,F8-J8,""),"") -> 0 | L8: =IFERROR(IF(F8>0,IF(J8>=F8,Calc!$G$5,IF(June!J8<=0,Calc!$G$7,IF(AND(J8>0,J8<F8),Calc!$G$6))),""),"") -> Paid
B9: IR00303 | C9: 3017 | D9: Alliance Auctioneers | E9: 44364 | F9: 655 | G9: 65.5 | H9: 0 | I9: 44394 | J9: 650 | K9: =IFERROR(IF(F9>0,F9-J9,""),"") -> 5 | L9: =IFERROR(IF(F9>0,IF(J9>=F9,Calc!$G$5,IF(June!J9<=0,Calc!$G$7,IF(AND(J9>0,J9<F9),Calc!$G$6))),""),"") -> Partly Paid
B10: IR00996 | C10: 3019 | D10: Branagan Estates | E10: 44365 | F10: 350 | G10: 35 | H10: 0 | I10: 44395 | J10: 350 | K10: =IFERROR(IF(F10>0,F10-J10,""),"") -> 0 | L10: =IFERROR(IF(F10>0,IF(J10>=F10,Calc!$G$5,IF(June!J10<=0,Calc!$G$7,IF(AND(J10>0,J10<F10),Calc!$G$6))),""),"") -> Paid
B11: IR00503 | C11: 3021 | D11: Delaney Estates | E11: 44367 | F11: 500 | G11: 50 | H11: 0 | I11: 44397 | J11: 500 | K11: =IFERROR(IF(F11>0,F11-J11,""),"") -> 0 | L11: =IFERROR(IF(F11>0,IF(J11>=F11,Calc!$G$5,IF(June!J11<=0,Calc!$G$7,IF(AND(J11>0,J11<F11),Calc!$G$6))),""),"") -> Paid
B12: IR00961 | C12: 3023 | D12: Hickey Auctioneers & Valuers | E12: 44368 | F12: 1200 | G12: 120 | H12: 75 | I12: 44398 | J12: 500 | K12: =IFERROR(IF(F12>0,F12-J12,""),"") -> 700 | L12: =IFERROR(IF(F12>0,IF(J12>=F12,Calc!$G$5,IF(June!J12<=0,Calc!$G$7,IF(AND(J12>0,J12<F12),Calc!$G$6))),""),"") -> Partly Paid
B13: IR00801 | C13: 3025 | D13: Savills | E13: 44369 | F13: 1000 | G13: 100 | H13: 0 | I13: 44399 | J13: 750 | K13: =IFERROR(IF(F13>0,F13-J13,""),"") -> 250 | L13: =IFERROR(IF(F13>0,IF(J13>=F13,Calc!$G$5,IF(June!J13<=0,Calc!$G$7,IF(AND(J13>0,J13<F13),Calc!$G$6))),""),"") -> Partly Paid
B14: IR00411 | C14: 3026 | D14: iMOVE | E14: 44370 | F14: 750 | G14: 75 | H14: 0 | I14: 44400 | J14: 0 | K14: =IFERROR(IF(F14>0,F14-J14,""),"") -> 750 | L14: =IFERROR(IF(F14>0,IF(J14>=F14,Calc!$G$5,IF(June!J14<=0,Calc!$G$7,IF(AND(J14>0,J14<F14),Calc!$G$6))),""),"") -> Unpaid
B15: IR00476 | C15: 3029 | D15: Capel Abbey Property | E15: 44372 | F15: 800 | G15: 80 | H15: 25 | I15: 44402 | J15: 0 | K15: =IFERROR(IF(F15>0,F15-J15,""),"") -> 800 | L15: =IFERROR(IF(F15>0,IF(J15>=F15,Calc!$G$5,IF(June!J15<=0,Calc!$G$7,IF(AND(J15>0,J15<F15),Calc!$G$6))),""),"") -> Unpaid
B16: IR00599 | C16: 3032 | D16: Property Vision | E16: 44372 | F16: 850 | G16: 85 | H16: 15 | I16: 44402 | J16: 0 | K16: =IFERROR(IF(F16>0,F16-J16,""),"") -> 850 | L16: =IFERROR(IF(F16>0,IF(J16>=F16,Calc!$G$5,IF(June!J16<=0,Calc!$G$7,IF(AND(J16>0,J16<F16),Calc!$G$6))),""),"") -> Unpaid
B17: IR00934 | C17: 3033 | D17: Baxter Real Estate | E17: 44372 | F17: 900 | G17: 90 | H17: 10 | I17: 44402 | J17: 450 | K17: =IFERROR(IF(F17>0,F17-J17,""),"") -> 450 | L17: =IFERROR(IF(F17>0,IF(J17>=F17,Calc!$G$5,IF(June!J17<=0,Calc!$G$7,IF(AND(J17>0,J17<F17),Calc!$G$6))),""),"") -> Partly Paid
B18: IR00112 | C18: 3036 | D18: Property Home & Away | E18: 44374 | F18: 145 | G18: 14.5 | H18: 0 | I18: 44404 | J18: 145 | K18: =IFERROR(IF(F18>0,F18-J18,""),"") -> 0 | L18: =IFERROR(IF(F18>0,IF(J18>=F18,Calc!$G$5,IF(June!J18<=0,Calc!$G$7,IF(AND(J18>0,J18<F18),Calc!$G$6))),""),"") -> Paid
K19: =IFERROR(IF(F19>0,F19-J19,""),"") | L19: =IFERROR(IF(F19>0,IF(J19>=F19,Calc!$G$5,IF(June!J19<=0,Calc!$G$7,IF(AND(J19>0,J19<F19),Calc!$G$6))),""),"")
K20: =IFERROR(IF(F20>0,F20-J20,""),"") | L20: =IFERROR(IF(F20>0,IF(J20>=F20,Calc!$G$5,IF(June!J20<=0,Calc!$G$7,IF(AND(J20>0,J20<F20),Calc!$G$6))),""),"")
K21: =IFERROR(IF(F21>0,F21-J21,""),"") | L21: =IFERROR(IF(F21>0,IF(J21>=F21,Calc!$G$5,IF(June!J21<=0,Calc!$G$7,IF(AND(J21>0,J21<F21),Calc!$G$6))),""),"")
K22: =IFERROR(IF(F22>0,F22-J22,""),"") | L22: =IFERROR(IF(F22>0,IF(J22>=F22,Calc!$G$5,IF(June!J22<=0,Calc!$G$7,IF(AND(J22>0,J22<F22),Calc!$G$6))),""),"")

Sheet July
B2: INVOICE TRACKER
B3: JULY
E5: =Calc!$B$20 -> TOTALS (USD) | F5: =SUM(F8:F22) -> 9400 | G5: =SUM(G8:G22) -> 940 | H5: =SUM(H8:H22) -> 425 | J5: =SUM(J8:J22) -> 4815 | K5: =SUM(K8:K22) -> 4585
B7: Invoice No | C7: Customer ID | D7: Customer Name | E7: Invoice Date | F7: Invoice Total | G7: Sales Tax | H7: Discount | I7: Due Date | J7: Total Paid | K7: Outstanding Balance | L7: Invoice Status
B8: IR00488 | C8: 3036 | D8: Flynns Estate Agents | E8: 42563 | F8: 250 | G8: 25 | H8: 0 | I8: 42593 | J8: 250 | K8: =IFERROR(IF(F8>0,F8-J8,""),"") -> 0 | L8: =IFERROR(IF(F8>0,IF(J8>=F8,Calc!$G$5,IF(July!J8<=0,Calc!$G$7,IF(AND(J8>0,J8<F8),Calc!$G$6))),""),"") -> Paid
B9: IR00599 | C9: 3039 | D9: Madden Property Consultants | E9: 42564 | F9: 655 | G9: 65.5 | H9: 0 | I9: 42594 | J9: 650 | K9: =IFERROR(IF(F9>0,F9-J9,""),"") -> 5 | L9: =IFERROR(IF(F9>0,IF(J9>=F9,Calc!$G$5,IF(July!J9<=0,Calc!$G$7,IF(AND(J9>0,J9<F9),Calc!$G$6))),""),"") -> Partly Paid
B10: IR00526 | C10: 3040 | D10: Kelly & Company Estate Agents | E10: 42565 | F10: 350 | G10: 35 | H10: 0 | I10: 42595 | J10: 350 | K10: =IFERROR(IF(F10>0,F10-J10,""),"") -> 0 | L10: =IFERROR(IF(F10>0,IF(J10>=F10,Calc!$G$5,IF(July!J10<=0,Calc!$G$7,IF(AND(J10>0,J10<F10),Calc!$G$6))),""),"") -> Paid
B11: IR00856 | C11: 3041 | D11: The Property Shop | E11: 42567 | F11: 500 | G11: 50 | H11: 0 | I11: 42597 | J11: 500 | K11: =IFERROR(IF(F11>0,F11-J11,""),"") -> 0 | L11: =IFERROR(IF(F11>0,IF(J11>=F11,Calc!$G$5,IF(July!J11<=0,Calc!$G$7,IF(AND(J11>0,J11<F11),Calc!$G$6))),""),"") -> Paid
B12: IR00593 | C12: 3044 | D12: Newcombe Estates | E12: 42568 | F12: 1200 | G12: 120 | H12: 75 | I12: 42598 | J12: 500 | K12: =IFERROR(IF(F12>0,F12-J12,""),"") -> 700 | L12: =IFERROR(IF(F12>0,IF(J12>=F12,Calc!$G$5,IF(July!J12<=0,Calc!$G$7,IF(AND(J12>0,J12<F12),Calc!$G$6))),""),"") -> Partly Paid
B13: IR00145 | C13: 3047 | D13: Mc Peake Auctioneers | E13: 42569 | F13: 1000 | G13: 100 | H13: 0 | I13: 42599 | J13: 750 | K13: =IFERROR(IF(F13>0,F13-J13,""),"") -> 250 | L13: =IFERROR(IF(F13>0,IF(J13>=F13,Calc!$G$5,IF(July!J13<=0,Calc!$G$7,IF(AND(J13>0,J13<F13),Calc!$G$6))),""),"") -> Partly Paid
B14: IR00154 | C14: 3049 | D14: DfM | E14: 42570 | F14: 750 | G14: 75 | H14: 0 | I14: 42600 | J14: 0 | K14: =IFERROR(IF(F14>0,F14-J14,""),"") -> 750 | L14: =IFERROR(IF(F14>0,IF(J14>=F14,Calc!$G$5,IF(July!J14<=0,Calc!$G$7,IF(AND(J14>0,J14<F14),Calc!$G$6))),""),"") -> Unpaid
B15: IR00782 | C15: 3052 | D15: BPM Estates | E15: 42572 | F15: 800 | G15: 80 | H15: 25 | I15: 42602 | J15: 0 | K15: =IFERROR(IF(F15>0,F15-J15,""),"") -> 800 | L15: =IFERROR(IF(F15>0,IF(J15>=F15,Calc!$G$5,IF(July!J15<=0,Calc!$G$7,IF(AND(J15>0,J15<F15),Calc!$G$6))),""),"") -> Unpaid
B16: IR00371 | C16: 3053 | D16: Move Home Estate Agents | E16: 42572 | F16: 2850 | G16: 285 | H16: 315 | I16: 42602 | J16: 1220 | K16: =IFERROR(IF(F16>0,F16-J16,""),"") -> 1630 | L16: =IFERROR(IF(F16>0,IF(J16>=F16,Calc!$G$5,IF(July!J16<=0,Calc!$G$7,IF(AND(J16>0,J16<F16),Calc!$G$6))),""),"") -> Partly Paid
B17: IR00143 | C17: 3055 | D17: Sherry FitzGerald Group | E17: 42572 | F17: 900 | G17: 90 | H17: 10 | I17: 42602 | J17: 450 | K17: =IFERROR(IF(F17>0,F17-J17,""),"") -> 450 | L17: =IFERROR(IF(F17>0,IF(J17>=F17,Calc!$G$5,IF(July!J17<=0,Calc!$G$7,IF(AND(J17>0,J17<F17),Calc!$G$6))),""),"") -> Partly Paid
B18: IR00411 | C18: 3053 | D18: Mason Estates | E18: 42574 | F18: 145 | G18: 14.5 | H18: 0 | I18: 42604 | J18: 145 | K18: =IFERROR(IF(F18>0,F18-J18,""),"") -> 0 | L18: =IFERROR(IF(F18>0,IF(J18>=F18,Calc!$G$5,IF(July!J18<=0,Calc!$G$7,IF(AND(J18>0,J18<F18),Calc!$G$6))),""),"") -> Paid
K19: =IFERROR(IF(F19>0,F19-J19,""),"") | L19: =IFERROR(IF(F19>0,IF(J19>=F19,Calc!$G$5,IF(July!J19<=0,Calc!$G$7,IF(AND(J19>0,J19<F19),Calc!$G$6))),""),"")
K20: =IFERROR(IF(F20>0,F20-J20,""),"") | L20: =IFERROR(IF(F20>0,IF(J20>=F20,Calc!$G$5,IF(July!J20<=0,Calc!$G$7,IF(AND(J20>0,J20<F20),Calc!$G$6))),""),"")
K21: =IFERROR(IF(F21>0,F21-J21,""),"") | L21: =IFERROR(IF(F21>0,IF(J21>=F21,Calc!$G$5,IF(July!J21<=0,Calc!$G$7,IF(AND(J21>0,J21<F21),Calc!$G$6))),""),"")
K22: =IFERROR(IF(F22>0,F22-J22,""),"") | L22: =IFERROR(IF(F22>0,IF(J22>=F22,Calc!$G$5,IF(July!J22<=0,Calc!$G$7,IF(AND(J22>0,J22<F22),Calc!$G$6))),""),"")

Sheet August
B2: INVOICE TRACKER
B3: AUGUST
E5: =Calc!$B$20 -> TOTALS (USD) | F5: =SUM(F8:F22) -> 6935 | G5: =SUM(G8:G22) -> 683.5 | H5: =SUM(H8:H22) -> 125 | J5: =SUM(J8:J22) -> 3380 | K5: =SUM(K8:K22) -> 3555
B7: Invoice No | C7: Customer ID | D7: Customer Name | E7: Invoice Date | F7: Invoice Total | G7: Sales Tax | H7: Discount | I7: Due Date | J7: Total Paid | K7: Outstanding Balance | L7: Invoice Status
B8: IR00329 | C8: 3012 | D8: Viva Dublin | E8: 44420 | F8: 250 | G8: 25 | H8: 0 | I8: 44450 | J8: 250 | K8: =IFERROR(IF(F8>0,F8-J8,""),"") -> 0 | L8: =IFERROR(IF(F8>0,IF(J8>=F8,Calc!$G$5,IF(August!J8<=0,Calc!$G$7,IF(AND(J8>0,J8<F8),Calc!$G$6))),""),"") -> Paid
B9: IR00941 | C9: 3015 | D9: Dublin Property Management | E9: 44421 | F9: 655 | G9: 65.5 | H9: 0 | I9: 44451 | J9: 650 | K9: =IFERROR(IF(F9>0,F9-J9,""),"") -> 5 | L9: =IFERROR(IF(F9>0,IF(J9>=F9,Calc!$G$5,IF(August!J9<=0,Calc!$G$7,IF(AND(J9>0,J9<F9),Calc!$G$6))),""),"") -> Partly Paid
B10: IR00890 | C10: 3017 | D10: Alliance Auctioneers | E10: 44422 | F10: 350 | G10: 35 | H10: 0 | I10: 44452 | J10: 350 | K10: =IFERROR(IF(F10>0,F10-J10,""),"") -> 0 | L10: =IFERROR(IF(F10>0,IF(J10>=F10,Calc!$G$5,IF(August!J10<=0,Calc!$G$7,IF(AND(J10>0,J10<F10),Calc!$G$6))),""),"") -> Paid
B11: IR00775 | C11: 3019 | D11: Branagan Estates | E11: 44424 | F11: 500 | G11: 50 | H11: 0 | I11: 44454 | J11: 500 | K11: =IFERROR(IF(F11>0,F11-J11,""),"") -> 0 | L11: =IFERROR(IF(F11>0,IF(J11>=F11,Calc!$G$5,IF(August!J11<=0,Calc!$G$7,IF(AND(J11>0,J11<F11),Calc!$G$6))),""),"") -> Paid
B12: IR00171 | C12: 3021 | D12: Delaney Estates | E12: 44425 | F12: 1200 | G12: 120 | H12: 75 | I12: 44455 | J12: 500 | K12: =IFERROR(IF(F12>0,F12-J12,""),"") -> 700 | L12: =IFERROR(IF(F12>0,IF(J12>=F12,Calc!$G$5,IF(August!J12<=0,Calc!$G$7,IF(AND(J12>0,J12<F12),Calc!$G$6))),""),"") -> Partly Paid
B13: IR00174 | C13: 3023 | D13: Hickey Auctioneers & Valuers | E13: 44426 | F13: 200 | G13: 10 | H13: 0 | I13: 44456 | J13: 200 | K13: =IFERROR(IF(F13>0,F13-J13,""),"") -> 0 | L13: =IFERROR(IF(F13>0,IF(J13>=F13,Calc!$G$5,IF(August!J13<=0,Calc!$G$7,IF(AND(J13>0,J13<F13),Calc!$G$6))),""),"") -> Paid
B14: IR00436 | C14: 3025 | D14: Savills | E14: 44427 | F14: 750 | G14: 75 | H14: 0 | I14: 44457 | J14: 0 | K14: =IFERROR(IF(F14>0,F14-J14,""),"") -> 750 | L14: =IFERROR(IF(F14>0,IF(J14>=F14,Calc!$G$5,IF(August!J14<=0,Calc!$G$7,IF(AND(J14>0,J14<F14),Calc!$G$6))),""),"") -> Unpaid
B15: IR00244 | C15: 3026 | D15: iMOVE | E15: 44429 | F15: 800 | G15: 80 | H15: 25 | I15: 44459 | J15: 0 | K15: =IFERROR(IF(F15>0,F15-J15,""),"") -> 800 | L15: =IFERROR(IF(F15>0,IF(J15>=F15,Calc!$G$5,IF(August!J15<=0,Calc!$G$7,IF(AND(J15>0,J15<F15),Calc!$G$6))),""),"") -> Unpaid
B16: IR00247 | C16: 3029 | D16: Capel Abbey Property | E16: 44429 | F16: 850 | G16: 85 | H16: 15 | I16: 44459 | J16: 0 | K16: =IFERROR(IF(F16>0,F16-J16,""),"") -> 850 | L16: =IFERROR(IF(F16>0,IF(J16>=F16,Calc!$G$5,IF(August!J16<=0,Calc!$G$7,IF(AND(J16>0,J16<F16),Calc!$G$6))),""),"") -> Unpaid
B17: IR00760 | C17: 3032 | D17: Property Vision | E17: 44429 | F17: 900 | G17: 90 | H17: 10 | I17: 44459 | J17: 450 | K17: =IFERROR(IF(F17>0,F17-J17,""),"") -> 450 | L17: =IFERROR(IF(F17>0,IF(J17>=F17,Calc!$G$5,IF(August!J17<=0,Calc!$G$7,IF(AND(J17>0,J17<F17),Calc!$G$6))),""),"") -> Partly Paid
B18: IR00546 | C18: 3033 | D18: Baxter Real Estate | E18: 44431 | F18: 145 | G18: 14.5 | H18: 0 | I18: 44461 | J18: 145 | K18: =IFERROR(IF(F18>0,F18-J18,""),"") -> 0 | L18: =IFERROR(IF(F18>0,IF(J18>=F18,Calc!$G$5,IF(August!J18<=0,Calc!$G$7,IF(AND(J18>0,J18<F18),Calc!$G$6))),""),"") -> Paid
B19: IR00916 | C19: 3036 | D19: Property Home & Away | E19: 44431 | F19: 55 | G19: 5.5 | H19: 0 | I19: 44461 | J19: 55 | K19: =IFERROR(IF(F19>0,F19-J19,""),"") -> 0 | L19: =IFERROR(IF(F19>0,IF(J19>=F19,Calc!$G$5,IF(August!J19<=0,Calc!$G$7,IF(AND(J19>0,J19<F19),Calc!$G$6))),""),"") -> Paid
B20: IR00307 | C20: 3038 | D20: The Property Company | E20: 44432 | F20: 280 | G20: 28 | H20: 0 | I20: 44462 | J20: 280 | K20: =IFERROR(IF(F20>0,F20-J20,""),"") -> 0 | L20: =IFERROR(IF(F20>0,IF(J20>=F20,Calc!$G$5,IF(August!J20<=0,Calc!$G$7,IF(AND(J20>0,J20<F20),Calc!$G$6))),""),"") -> Paid
K21: =IFERROR(IF(F21>0,F21-J21,""),"") | L21: =IFERROR(IF(F21>0,IF(J21>=F21,Calc!$G$5,IF(August!J21<=0,Calc!$G$7,IF(AND(J21>0,J21<F21),Calc!$G$6))),""),"")
K22: =IFERROR(IF(F22>0,F22-J22,""),"") | L22: =IFERROR(IF(F22>0,IF(J22>=F22,Calc!$G$5,IF(August!J22<=0,Calc!$G$7,IF(AND(J22>0,J22<F22),Calc!$G$6))),""),"")

Sheet September
B2: INVOICE TRACKER
B3: SEPTEMBER
E5: =Calc!$B$20 -> TOTALS (USD) | F5: =SUM(F8:F22) -> 7735 | G5: =SUM(G8:G22) -> 773.5 | H5: =SUM(H8:H22) -> 125 | J5: =SUM(J8:J22) -> 3930 | K5: =SUM(K8:K22) -> 3805
B7: Invoice No | C7: Customer ID | D7: Customer Name | E7: Invoice Date | F7: Invoice Total | G7: Sales Tax | H7: Discount | I7: Due Date | J7: Total Paid | K7: Outstanding Balance | L7: Invoice Status
B8: IR00409 | C8: 3017 | D8: Alliance Auctioneers | E8: 44451 | F8: 250 | G8: 25 | H8: 0 | I8: 44481 | J8: 250 | K8: =IFERROR(IF(F8>0,F8-J8,""),"") -> 0 | L8: =IFERROR(IF(F8>0,IF(J8>=F8,Calc!$G$5,IF(September!J8<=0,Calc!$G$7,IF(AND(J8>0,J8<F8),Calc!$G$6))),""),"") -> Paid
B9: IR00194 | C9: 3019 | D9: Branagan Estates | E9: 44452 | F9: 655 | G9: 65.5 | H9: 0 | I9: 44482 | J9: 650 | K9: =IFERROR(IF(F9>0,F9-J9,""),"") -> 5 | L9: =IFERROR(IF(F9>0,IF(J9>=F9,Calc!$G$5,IF(September!J9<=0,Calc!$G$7,IF(AND(J9>0,J9<F9),Calc!$G$6))),""),"") -> Partly Paid
B10: IR00584 | C10: 3021 | D10: Delaney Estates | E10: 44453 | F10: 350 | G10: 35 | H10: 0 | I10: 44483 | J10: 350 | K10: =IFERROR(IF(F10>0,F10-J10,""),"") -> 0 | L10: =IFERROR(IF(F10>0,IF(J10>=F10,Calc!$G$5,IF(September!J10<=0,Calc!$G$7,IF(AND(J10>0,J10<F10),Calc!$G$6))),""),"") -> Paid
B11: IR00954 | C11: 3023 | D11: Hickey Auctioneers & Valuers | E11: 44455 | F11: 500 | G11: 50 | H11: 0 | I11: 44485 | J11: 500 | K11: =IFERROR(IF(F11>0,F11-J11,""),"") -> 0 | L11: =IFERROR(IF(F11>0,IF(J11>=F11,Calc!$G$5,IF(September!J11<=0,Calc!$G$7,IF(AND(J11>0,J11<F11),Calc!$G$6))),""),"") -> Paid
B12: IR00511 | C12: 3025 | D12: Savills | E12: 44456 | F12: 1200 | G12: 120 | H12: 75 | I12: 44486 | J12: 500 | K12: =IFERROR(IF(F12>0,F12-J12,""),"") -> 700 | L12: =IFERROR(IF(F12>0,IF(J12>=F12,Calc!$G$5,IF(September!J12<=0,Calc!$G$7,IF(AND(J12>0,J12<F12),Calc!$G$6))),""),"") -> Partly Paid
B13: IR00577 | C13: 3026 | D13: iMOVE | E13: 44457 | F13: 1000 | G13: 100 | H13: 0 | I13: 44487 | J13: 750 | K13: =IFERROR(IF(F13>0,F13-J13,""),"") -> 250 | L13: =IFERROR(IF(F13>0,IF(J13>=F13,Calc!$G$5,IF(September!J13<=0,Calc!$G$7,IF(AND(J13>0,J13<F13),Calc!$G$6))),""),"") -> Partly Paid
B14: IR00876 | C14: 3029 | D14: Capel Abbey Property | E14: 44458 | F14: 750 | G14: 75 | H14: 0 | I14: 44488 | J14: 0 | K14: =IFERROR(IF(F14>0,F14-J14,""),"") -> 750 | L14: =IFERROR(IF(F14>0,IF(J14>=F14,Calc!$G$5,IF(September!J14<=0,Calc!$G$7,IF(AND(J14>0,J14<F14),Calc!$G$6))),""),"") -> Unpaid
B15: IR00164 | C15: 3032 | D15: Property Vision | E15: 44460 | F15: 800 | G15: 80 | H15: 25 | I15: 44490 | J15: 0 | K15: =IFERROR(IF(F15>0,F15-J15,""),"") -> 800 | L15: =IFERROR(IF(F15>0,IF(J15>=F15,Calc!$G$5,IF(September!J15<=0,Calc!$G$7,IF(AND(J15>0,J15<F15),Calc!$G$6))),""),"") -> Unpaid
B16: IR00853 | C16: 3033 | D16: Baxter Real Estate | E16: 44460 | F16: 850 | G16: 85 | H16: 15 | I16: 44490 | J16: 0 | K16: =IFERROR(IF(F16>0,F16-J16,""),"") -> 850 | L16: =IFERROR(IF(F16>0,IF(J16>=F16,Calc!$G$5,IF(September!J16<=0,Calc!$G$7,IF(AND(J16>0,J16<F16),Calc!$G$6))),""),"") -> Unpaid
B17: IR00932 | C17: 3036 | D17: Property Home & Away | E17: 44460 | F17: 900 | G17: 90 | H17: 10 | I17: 44490 | J17: 450 | K17: =IFERROR(IF(F17>0,F17-J17,""),"") -> 450 | L17: =IFERROR(IF(F17>0,IF(J17>=F17,Calc!$G$5,IF(September!J17<=0,Calc!$G$7,IF(AND(J17>0,J17<F17),Calc!$G$6))),""),"") -> Partly Paid
B18: IR00898 | C18: 3038 | D18: The Property Company | E18: 44462 | F18: 145 | G18: 14.5 | H18: 0 | I18: 44492 | J18: 145 | K18: =IFERROR(IF(F18>0,F18-J18,""),"") -> 0 | L18: =IFERROR(IF(F18>0,IF(J18>=F18,Calc!$G$5,IF(September!J18<=0,Calc!$G$7,IF(AND(J18>0,J18<F18),Calc!$G$6))),""),"") -> Paid
B19: IR00721 | C19: 3040 | D19: Flynns Estate Agents | E19: 44462 | F19: 55 | G19: 5.5 | H19: 0 | I19: 44492 | J19: 55 | K19: =IFERROR(IF(F19>0,F19-J19,""),"") -> 0 | L19: =IFERROR(IF(F19>0,IF(J19>=F19,Calc!$G$5,IF(September!J19<=0,Calc!$G$7,IF(AND(J19>0,J19<F19),Calc!$G$6))),""),"") -> Paid
B20: IR00522 | C20: 3041 | D20: Madden Property Consultants | E20: 44463 | F20: 280 | G20: 28 | H20: 0 | I20: 44493 | J20: 280 | K20: =IFERROR(IF(F20>0,F20-J20,""),"") -> 0 | L20: =IFERROR(IF(F20>0,IF(J20>=F20,Calc!$G$5,IF(September!J20<=0,Calc!$G$7,IF(AND(J20>0,J20<F20),Calc!$G$6))),""),"") -> Paid
K21: =IFERROR(IF(F21>0,F21-J21,""),"") | L21: =IFERROR(IF(F21>0,IF(J21>=F21,Calc!$G$5,IF(September!J21<=0,Calc!$G$7,IF(AND(J21>0,J21<F21),Calc!$G$6))),""),"")
K22: =IFERROR(IF(F22>0,F22-J22,""),"") | L22: =IFERROR(IF(F22>0,IF(J22>=F22,Calc!$G$5,IF(September!J22<=0,Calc!$G$7,IF(AND(J22>0,J22<F22),Calc!$G$6))),""),"")

Sheet October
B2: INVOICE TRACKER
B3: OCTOBER
E5: =Calc!$B$20 -> TOTALS (USD) | F5: =SUM(F8:F22) -> 5705 | G5: =SUM(G8:G22) -> 570.5 | H5: =SUM(H8:H22) -> 75 | J5: =SUM(J8:J22) -> 4000 | K5: =SUM(K8:K22) -> 1705
B7: Invoice No | C7: Customer ID | D7: Customer Name | E7: Invoice Date | F7: Invoice Total | G7: Sales Tax | H7: Discount | I7: Due Date | J7: Total Paid | K7: Outstanding Balance | L7: Invoice Status
B8: IR00731 | C8: 3039 | D8: Madden Property Consultants | E8: 44481 | F8: 250 | G8: 25 | H8: 0 | I8: 44511 | J8: 250 | K8: =IFERROR(IF(F8>0,F8-J8,""),"") -> 0 | L8: =IFERROR(IF(F8>0,IF(J8>=F8,Calc!$G$5,IF(October!J8<=0,Calc!$G$7,IF(AND(J8>0,J8<F8),Calc!$G$6))),""),"") -> Paid
B9: IR00176 | C9: 3040 | D9: Kelly & Company Estate Agents | E9: 44482 | F9: 655 | G9: 65.5 | H9: 0 | I9: 44512 | J9: 650 | K9: =IFERROR(IF(F9>0,F9-J9,""),"") -> 5 | L9: =IFERROR(IF(F9>0,IF(J9>=F9,Calc!$G$5,IF(October!J9<=0,Calc!$G$7,IF(AND(J9>0,J9<F9),Calc!$G$6))),""),"") -> Partly Paid
B10: IR00339 | C10: 3041 | D10: The Property Shop | E10: 44483 | F10: 350 | G10: 35 | H10: 0 | I10: 44513 | J10: 350 | K10: =IFERROR(IF(F10>0,F10-J10,""),"") -> 0 | L10: =IFERROR(IF(F10>0,IF(J10>=F10,Calc!$G$5,IF(October!J10<=0,Calc!$G$7,IF(AND(J10>0,J10<F10),Calc!$G$6))),""),"") -> Paid
B11: IR00163 | C11: 3044 | D11: Newcombe Estates | E11: 44485 | F11: 1500 | G11: 150 | H11: 0 | I11: 44515 | J11: 1500 | K11: =IFERROR(IF(F11>0,F11-J11,""),"") -> 0 | L11: =IFERROR(IF(F11>0,IF(J11>=F11,Calc!$G$5,IF(October!J11<=0,Calc!$G$7,IF(AND(J11>0,J11<F11),Calc!$G$6))),""),"") -> Paid
B12: IR00568 | C12: 3047 | D12: Mc Peake Auctioneers | E12: 44486 | F12: 1200 | G12: 120 | H12: 75 | I12: 44516 | J12: 500 | K12: =IFERROR(IF(F12>0,F12-J12,""),"") -> 700 | L12: =IFERROR(IF(F12>0,IF(J12>=F12,Calc!$G$5,IF(October!J12<=0,Calc!$G$7,IF(AND(J12>0,J12<F12),Calc!$G$6))),""),"") -> Partly Paid
B13: IR00949 | C13: 3049 | D13: DfM | E13: 44487 | F13: 1000 | G13: 100 | H13: 0 | I13: 44517 | J13: 750 | K13: =IFERROR(IF(F13>0,F13-J13,""),"") -> 250 | L13: =IFERROR(IF(F13>0,IF(J13>=F13,Calc!$G$5,IF(October!J13<=0,Calc!$G$7,IF(AND(J13>0,J13<F13),Calc!$G$6))),""),"") -> Partly Paid
B14: IR00917 | C14: 3052 | D14: BPM Estates | E14: 44488 | F14: 750 | G14: 75 | H14: 0 | I14: 44518 | J14: 0 | K14: =IFERROR(IF(F14>0,F14-J14,""),"") -> 750 | L14: =IFERROR(IF(F14>0,IF(J14>=F14,Calc!$G$5,IF(October!J14<=0,Calc!$G$7,IF(AND(J14>0,J14<F14),Calc!$G$6))),""),"") -> Unpaid
K15: =IFERROR(IF(F15>0,F15-J15,""),"") | L15: =IFERROR(IF(F15>0,IF(J15>=F15,Calc!$G$5,IF(October!J15<=0,Calc!$G$7,IF(AND(J15>0,J15<F15),Calc!$G$6))),""),"")
K16: =IFERROR(IF(F16>0,F16-J16,""),"") | L16: =IFERROR(IF(F16>0,IF(J16>=F16,Calc!$G$5,IF(October!J16<=0,Calc!$G$7,IF(AND(J16>0,J16<F16),Calc!$G$6))),""),"")
K17: =IFERROR(IF(F17>0,F17-J17,""),"") | L17: =IFERROR(IF(F17>0,IF(J17>=F17,Calc!$G$5,IF(October!J17<=0,Calc!$G$7,IF(AND(J17>0,J17<F17),Calc!$G$6))),""),"")
K18: =IFERROR(IF(F18>0,F18-J18,""),"") | L18: =IFERROR(IF(F18>0,IF(J18>=F18,Calc!$G$5,IF(October!J18<=0,Calc!$G$7,IF(AND(J18>0,J18<F18),Calc!$G$6))),""),"")
K19: =IFERROR(IF(F19>0,F19-J19,""),"") | L19: =IFERROR(IF(F19>0,IF(J19>=F19,Calc!$G$5,IF(October!J19<=0,Calc!$G$7,IF(AND(J19>0,J19<F19),Calc!$G$6))),""),"")
K20: =IFERROR(IF(F20>0,F20-J20,""),"") | L20: =IFERROR(IF(F20>0,IF(J20>=F20,Calc!$G$5,IF(October!J20<=0,Calc!$G$7,IF(AND(J20>0,J20<F20),Calc!$G$6))),""),"")
K21: =IFERROR(IF(F21>0,F21-J21,""),"") | L21: =IFERROR(IF(F21>0,IF(J21>=F21,Calc!$G$5,IF(October!J21<=0,Calc!$G$7,IF(AND(J21>0,J21<F21),Calc!$G$6))),""),"")
K22: =IFERROR(IF(F22>0,F22-J22,""),"") | L22: =IFERROR(IF(F22>0,IF(J22>=F22,Calc!$G$5,IF(October!J22<=0,Calc!$G$7,IF(AND(J22>0,J22<F22),Calc!$G$6))),""),"")

Sheet November
B2: INVOICE TRACKER
B3: NOVEMBER
E5: =Calc!$B$20 -> TOTALS (USD) | F5: =SUM(F8:F22) -> 10905 | G5: =SUM(G8:G22) -> 893.5 | H5: =SUM(H8:H22) -> 125 | J5: =SUM(J8:J22) -> 5915 | K5: =SUM(K8:K22) -> 4990
B7: Invoice No | C7: Customer ID | D7: Customer Name | E7: Invoice Date | F7: Invoice Total | G7: Sales Tax | H7: Discount | I7: Due Date | J7: Total Paid | K7: Outstanding Balance | L7: Invoice Status
B8: IR00456 | C8: 3060 | D8: Q-Park Real Estate Ltd | E8: 44512 | F8: 250 | G8: 25 | H8: 0 | I8: 44542 | J8: 250 | K8: =IFERROR(IF(F8>0,F8-J8,""),"") -> 0 | L8: =IFERROR(IF(F8>0,IF(J8>=F8,Calc!$G$5,IF(November!J8<=0,Calc!$G$7,IF(AND(J8>0,J8<F8),Calc!$G$6))),""),"") -> Paid
B9: IR00630 | C9: 3053 | D9: Mason Estates | E9: 44513 | F9: 655 | G9: 65.5 | H9: 0 | I9: 44543 | J9: 650 | K9: =IFERROR(IF(F9>0,F9-J9,""),"") -> 5 | L9: =IFERROR(IF(F9>0,IF(J9>=F9,Calc!$G$5,IF(November!J9<=0,Calc!$G$7,IF(AND(J9>0,J9<F9),Calc!$G$6))),""),"") -> Partly Paid
B10: IR00409 | C10: 3039 | D10: Madden Property Consultants | E10: 44514 | F10: 350 | G10: 35 | H10: 0 | I10: 44544 | J10: 350 | K10: =IFERROR(IF(F10>0,F10-J10,""),"") -> 0 | L10: =IFERROR(IF(F10>0,IF(J10>=F10,Calc!$G$5,IF(November!J10<=0,Calc!$G$7,IF(AND(J10>0,J10<F10),Calc!$G$6))),""),"") -> Paid
B11: IR00162 | C11: 3040 | D11: Kelly & Company Estate Agents | E11: 44516 | F11: 500 | G11: 50 | H11: 0 | I11: 44546 | J11: 500 | K11: =IFERROR(IF(F11>0,F11-J11,""),"") -> 0 | L11: =IFERROR(IF(F11>0,IF(J11>=F11,Calc!$G$5,IF(November!J11<=0,Calc!$G$7,IF(AND(J11>0,J11<F11),Calc!$G$6))),""),"") -> Paid
B12: IR00512 | C12: 3041 | D12: The Property Shop | E12: 44517 | F12: 1200 | G12: 120 | H12: 75 | I12: 44547 | J12: 500 | K12: =IFERROR(IF(F12>0,F12-J12,""),"") -> 700 | L12: =IFERROR(IF(F12>0,IF(J12>=F12,Calc!$G$5,IF(November!J12<=0,Calc!$G$7,IF(AND(J12>0,J12<F12),Calc!$G$6))),""),"") -> Partly Paid
B13: IR00875 | C13: 3044 | D13: Newcombe Estates | E13: 44518 | F13: 3000 | G13: 100 | H13: 0 | I13: 44548 | J13: 2000 | K13: =IFERROR(IF(F13>0,F13-J13,""),"") -> 1000 | L13: =IFERROR(IF(F13>0,IF(J13>=F13,Calc!$G$5,IF(November!J13<=0,Calc!$G$7,IF(AND(J13>0,J13<F13),Calc!$G$6))),""),"") -> Partly Paid
B14: IR00179 | C14: 3047 | D14: Mc Peake Auctioneers | E14: 44519 | F14: 750 | G14: 75 | H14: 0 | I14: 44549 | J14: 0 | K14: =IFERROR(IF(F14>0,F14-J14,""),"") -> 750 | L14: =IFERROR(IF(F14>0,IF(J14>=F14,Calc!$G$5,IF(November!J14<=0,Calc!$G$7,IF(AND(J14>0,J14<F14),Calc!$G$6))),""),"") -> Unpaid
B15: IR00886 | C15: 3049 | D15: DfM | E15: 44521 | F15: 800 | G15: 80 | H15: 25 | I15: 44551 | J15: 0 | K15: =IFERROR(IF(F15>0,F15-J15,""),"") -> 800 | L15: =IFERROR(IF(F15>0,IF(J15>=F15,Calc!$G$5,IF(November!J15<=0,Calc!$G$7,IF(AND(J15>0,J15<F15),Calc!$G$6))),""),"") -> Unpaid
B16: IR00874 | C16: 3052 | D16: BPM Estates | E16: 44521 | F16: 850 | G16: 85 | H16: 15 | I16: 44551 | J16: 0 | K16: =IFERROR(IF(F16>0,F16-J16,""),"") -> 850 | L16: =IFERROR(IF(F16>0,IF(J16>=F16,Calc!$G$5,IF(November!J16<=0,Calc!$G$7,IF(AND(J16>0,J16<F16),Calc!$G$6))),""),"") -> Unpaid
B17: IR00398 | C17: 3053 | D17: Move Home Estate Agents | E17: 44521 | F17: 900 | G17: 90 | H17: 10 | I17: 44551 | J17: 450 | K17: =IFERROR(IF(F17>0,F17-J17,""),"") -> 450 | L17: =IFERROR(IF(F17>0,IF(J17>=F17,Calc!$G$5,IF(November!J17<=0,Calc!$G$7,IF(AND(J17>0,J17<F17),Calc!$G$6))),""),"") -> Partly Paid
B18: IR00942 | C18: 3055 | D18: Sherry FitzGerald Group | E18: 44523 | F18: 145 | G18: 14.5 | H18: 0 | I18: 44553 | J18: 145 | K18: =IFERROR(IF(F18>0,F18-J18,""),"") -> 0 | L18: =IFERROR(IF(F18>0,IF(J18>=F18,Calc!$G$5,IF(November!J18<=0,Calc!$G$7,IF(AND(J18>0,J18<F18),Calc!$G$6))),""),"") -> Paid
B19: IR00379 | C19: 3053 | D19: Mason Estates | E19: 44523 | F19: 1255 | G19: 125.5 | H19: 0 | I19: 44553 | J19: 790 | K19: =IFERROR(IF(F19>0,F19-J19,""),"") -> 465 | L19: =IFERROR(IF(F19>0,IF(J19>=F19,Calc!$G$5,IF(November!J19<=0,Calc!$G$7,IF(AND(J19>0,J19<F19),Calc!$G$6))),""),"") -> Partly Paid
B20: IR00227 | C20: 3055 | D20: Odessa Estates | E20: 44524 | F20: 250 | G20: 28 | H20: 0 | I20: 44554 | J20: 280 | K20: =IFERROR(IF(F20>0,F20-J20,""),"") -> -30 | L20: =IFERROR(IF(F20>0,IF(J20>=F20,Calc!$G$5,IF(November!J20<=0,Calc!$G$7,IF(AND(J20>0,J20<F20),Calc!$G$6))),""),"") -> Paid
K21: =IFERROR(IF(F21>0,F21-J21,""),"") | L21: =IFERROR(IF(F21>0,IF(J21>=F21,Calc!$G$5,IF(November!J21<=0,Calc!$G$7,IF(AND(J21>0,J21<F21),Calc!$G$6))),""),"")
K22: =IFERROR(IF(F22>0,F22-J22,""),"") | L22: =IFERROR(IF(F22>0,IF(J22>=F22,Calc!$G$5,IF(November!J22<=0,Calc!$G$7,IF(AND(J22>0,J22<F22),Calc!$G$6))),""),"")

Sheet December
B2: INVOICE TRACKER
B3: DECEMBER
E5: =Calc!$B$20 -> TOTALS (USD) | F5: =SUM(F8:F22) -> 12400 | G5: =SUM(G8:G22) -> 1240 | H5: =SUM(H8:H22) -> 125 | J5: =SUM(J8:J22) -> 5595 | K5: =SUM(K8:K22) -> 6805
B7: Invoice No | C7: Customer ID | D7: Customer Name | E7: Invoice Date | F7: Invoice Total | G7: Sales Tax | H7: Discount | I7: Due Date | J7: Total Paid | K7: Outstanding Balance | L7: Invoice Status
B8: IR00947 | C8: 3039 | D8: Madden Property Consultants | E8: 44542 | F8: 1250 | G8: 125 | H8: 0 | I8: 44572 | J8: 250 | K8: =IFERROR(IF(F8>0,F8-J8,""),"") -> 1000 | L8: =IFERROR(IF(F8>0,IF(J8>=F8,Calc!$G$5,IF(December!J8<=0,Calc!$G$7,IF(AND(J8>0,J8<F8),Calc!$G$6))),""),"") -> Partly Paid
B9: IR00667 | C9: 3040 | D9: Kelly & Company Estate Agents | E9: 44543 | F9: 1655 | G9: 165.5 | H9: 0 | I9: 44573 | J9: 650 | K9: =IFERROR(IF(F9>0,F9-J9,""),"") -> 1005 | L9: =IFERROR(IF(F9>0,IF(J9>=F9,Calc!$G$5,IF(December!J9<=0,Calc!$G$7,IF(AND(J9>0,J9<F9),Calc!$G$6))),""),"") -> Partly Paid
B10: IR00422 | C10: 3041 | D10: The Property Shop | E10: 44544 | F10: 350 | G10: 35 | H10: 0 | I10: 44574 | J10: 350 | K10: =IFERROR(IF(F10>0,F10-J10,""),"") -> 0 | L10: =IFERROR(IF(F10>0,IF(J10>=F10,Calc!$G$5,IF(December!J10<=0,Calc!$G$7,IF(AND(J10>0,J10<F10),Calc!$G$6))),""),"") -> Paid
B11: IR00669 | C11: 3044 | D11: Newcombe Estates | E11: 44546 | F11: 500 | G11: 50 | H11: 0 | I11: 44576 | J11: 500 | K11: =IFERROR(IF(F11>0,F11-J11,""),"") -> 0 | L11: =IFERROR(IF(F11>0,IF(J11>=F11,Calc!$G$5,IF(December!J11<=0,Calc!$G$7,IF(AND(J11>0,J11<F11),Calc!$G$6))),""),"") -> Paid
B12: IR00839 | C12: 3047 | D12: Mc Peake Auctioneers | E12: 44547 | F12: 1200 | G12: 120 | H12: 75 | I12: 44577 | J12: 500 | K12: =IFERROR(IF(F12>0,F12-J12,""),"") -> 700 | L12: =IFERROR(IF(F12>0,IF(J12>=F12,Calc!$G$5,IF(December!J12<=0,Calc!$G$7,IF(AND(J12>0,J12<F12),Calc!$G$6))),""),"") -> Partly Paid
B13: IR00386 | C13: 3049 | D13: DfM | E13: 44548 | F13: 4000 | G13: 400 | H13: 0 | I13: 44578 | J13: 2750 | K13: =IFERROR(IF(F13>0,F13-J13,""),"") -> 1250 | L13: =IFERROR(IF(F13>0,IF(J13>=F13,Calc!$G$5,IF(December!J13<=0,Calc!$G$7,IF(AND(J13>0,J13<F13),Calc!$G$6))),""),"") -> Partly Paid
B14: IR00149 | C14: 3052 | D14: BPM Estates | E14: 44549 | F14: 750 | G14: 75 | H14: 0 | I14: 44579 | J14: 0 | K14: =IFERROR(IF(F14>0,F14-J14,""),"") -> 750 | L14: =IFERROR(IF(F14>0,IF(J14>=F14,Calc!$G$5,IF(December!J14<=0,Calc!$G$7,IF(AND(J14>0,J14<F14),Calc!$G$6))),""),"") -> Unpaid
B15: IR00283 | C15: 3053 | D15: Move Home Estate Agents | E15: 44551 | F15: 800 | G15: 80 | H15: 25 | I15: 44581 | J15: 0 | K15: =IFERROR(IF(F15>0,F15-J15,""),"") -> 800 | L15: =IFERROR(IF(F15>0,IF(J15>=F15,Calc!$G$5,IF(December!J15<=0,Calc!$G$7,IF(AND(J15>0,J15<F15),Calc!$G$6))),""),"") -> Unpaid
B16: IR00751 | C16: 3055 | D16: Sherry FitzGerald Group | E16: 44551 | F16: 850 | G16: 85 | H16: 15 | I16: 44581 | J16: 0 | K16: =IFERROR(IF(F16>0,F16-J16,""),"") -> 850 | L16: =IFERROR(IF(F16>0,IF(J16>=F16,Calc!$G$5,IF(December!J16<=0,Calc!$G$7,IF(AND(J16>0,J16<F16),Calc!$G$6))),""),"") -> Unpaid
B17: IR00159 | C17: 3053 | D17: Mason Estates | E17: 44551 | F17: 900 | G17: 90 | H17: 10 | I17: 44581 | J17: 450 | K17: =IFERROR(IF(F17>0,F17-J17,""),"") -> 450 | L17: =IFERROR(IF(F17>0,IF(J17>=F17,Calc!$G$5,IF(December!J17<=0,Calc!$G$7,IF(AND(J17>0,J17<F17),Calc!$G$6))),""),"") -> Partly Paid
B18: IR00550 | C18: 3055 | D18: Odessa Estates | E18: 44553 | F18: 145 | G18: 14.5 | H18: 0 | I18: 44583 | J18: 145 | K18: =IFERROR(IF(F18>0,F18-J18,""),"") -> 0 | L18: =IFERROR(IF(F18>0,IF(J18>=F18,Calc!$G$5,IF(December!J18<=0,Calc!$G$7,IF(AND(J18>0,J18<F18),Calc!$G$6))),""),"") -> Paid
K19: =IFERROR(IF(F19>0,F19-J19,""),"") | L19: =IFERROR(IF(F19>0,IF(J19>=F19,Calc!$G$5,IF(December!J19<=0,Calc!$G$7,IF(AND(J19>0,J19<F19),Calc!$G$6))),""),"")
K20: =IFERROR(IF(F20>0,F20-J20,""),"") | L20: =IFERROR(IF(F20>0,IF(J20>=F20,Calc!$G$5,IF(December!J20<=0,Calc!$G$7,IF(AND(J20>0,J20<F20),Calc!$G$6))),""),"")
K21: =IFERROR(IF(F21>0,F21-J21,""),"") | L21: =IFERROR(IF(F21>0,IF(J21>=F21,Calc!$G$5,IF(December!J21<=0,Calc!$G$7,IF(AND(J21>0,J21<F21),Calc!$G$6))),""),"")
K22: =IFERROR(IF(F22>0,F22-J22,""),"") | L22: =IFERROR(IF(F22>0,IF(J22>=F22,Calc!$G$5,IF(December!J22<=0,Calc!$G$7,IF(AND(J22>0,J22<F22),Calc!$G$6))),""),"")

Sheet Calc
B3: MENU CHART
B4: Months | C4: Abbr. | D4: Invoice Total | E4: Paid Amount | G4: Paying Status | I4: Last Print Rows
B5: January | C5: Jan | D5: =IFERROR(INDIRECT(B5&"!$F$5"),"") -> 8255 | E5: =IFERROR(INDIRECT(B5&"!$j$5"),"") -> 4350 | G5: Paid | I5: =IFERROR(COUNTIF(INDIRECT(B5&"!$B$8:$B$207"),"?*")+6,206) -> 16
B6: February | C6: Feb | D6: =IFERROR(INDIRECT(B6&"!$F$5"),"") -> 8255 | E6: =IFERROR(INDIRECT(B6&"!$j$5"),"") -> 3450 | G6: Partly Paid | I6: =IFERROR(COUNTIF(INDIRECT(B6&"!$B$8:$B$207"),"?*")+6,206) -> 16
B7: March | C7: Mar | D7: =IFERROR(INDIRECT(B7&"!$F$5"),"") -> 7455 | E7: =IFERROR(INDIRECT(B7&"!$j$5"),"") -> 3650 | G7: Unpaid | I7: =IFERROR(COUNTIF(INDIRECT(B7&"!$B$8:$B$207"),"?*")+6,206) -> 18
B8: April | C8: Apr | D8: =IFERROR(INDIRECT(B8&"!$F$5"),"") -> 11400 | E8: =IFERROR(INDIRECT(B8&"!$j$5"),"") -> 3595 | I8: =IFERROR(COUNTIF(INDIRECT(B8&"!$B$8:$B$207"),"?*")+6,206) -> 17
B9: May | C9: May | D9: =IFERROR(INDIRECT(B9&"!$F$5"),"") -> 7735 | E9: =IFERROR(INDIRECT(B9&"!$j$5"),"") -> 3930 | I9: =IFERROR(COUNTIF(INDIRECT(B9&"!$B$8:$B$207"),"?*")+6,206) -> 19
B10: June | C10: Jun | D10: =IFERROR(INDIRECT(B10&"!$F$5"),"") -> 7400 | E10: =IFERROR(INDIRECT(B10&"!$j$5"),"") -> 3595 | I10: =IFERROR(COUNTIF(INDIRECT(B10&"!$B$8:$B$207"),"?*")+6,206) -> 17
B11: July | C11: Jul | D11: =IFERROR(INDIRECT(B11&"!$F$5"),"") -> 9400 | E11: =IFERROR(INDIRECT(B11&"!$j$5"),"") -> 4815 | I11: =IFERROR(COUNTIF(INDIRECT(B11&"!$B$8:$B$207"),"?*")+6,206) -> 17
B12: August | C12: Aug | D12: =IFERROR(INDIRECT(B12&"!$F$5"),"") -> 6935 | E12: =IFERROR(INDIRECT(B12&"!$j$5"),"") -> 3380 | I12: =IFERROR(COUNTIF(INDIRECT(B12&"!$B$8:$B$207"),"?*")+6,206) -> 19
B13: September | C13: Sep | D13: =IFERROR(INDIRECT(B13&"!$F$5"),"") -> 7735 | E13: =IFERROR(INDIRECT(B13&"!$j$5"),"") -> 3930 | I13: =IFERROR(COUNTIF(INDIRECT(B13&"!$B$8:$B$207"),"?*")+6,206) -> 19
B14: October | C14: Oct | D14: =IFERROR(INDIRECT(B14&"!$F$5"),"") -> 5705 | E14: =IFERROR(INDIRECT(B14&"!$j$5"),"") -> 4000 | I14: =IFERROR(COUNTIF(INDIRECT(B14&"!$B$8:$B$207"),"?*")+6,206) -> 13
B15: November | C15: Nov | D15: =IFERROR(INDIRECT(B15&"!$F$5"),"") -> 10905 | E15: =IFERROR(INDIRECT(B15&"!$j$5"),"") -> 5915 | I15: =IFERROR(COUNTIF(INDIRECT(B15&"!$B$8:$B$207"),"?*")+6,206) -> 19
B16: December | C16: Dec | D16: =IFERROR(INDIRECT(B16&"!$F$5"),"") -> 12400 | E16: =IFERROR(INDIRECT(B16&"!$j$5"),"") -> 5595 | I16: =IFERROR(COUNTIF(INDIRECT(B16&"!$B$8:$B$207"),"?*")+6,206) -> 17
B19: Total & Currency
B20: =IFERROR(IF(LEN(Menu!$F$14)=0,"TOTALS","TOTALS"&" ("&Menu!$F$14&")"),"") -> TOTALS (USD)
